TOP OF THE 1ST |
Kansas Jayhawks batting - Pitching for Texas Christian Horned Frogs : RHP Jesús Moreno
|
Pitching: RHP Jesús Moreno
|
|
Batting: SHB Rudy Ryan
|
0-0: Foul Ball, location: 2F 0-1: Ball 1-1: Fly out, F7 (Flyball, 78M)
|
Batting: RHB Domingo Hernández
|
0-0: Fly out, F2 (Popup, 23F)
|
Batting: LHB Juan Mendoza
|
0-0: Swinging Strike 0-1: Fly out, F8 (Flyball, 8RM)
|
Top of the 1st over - 0 run(s), 0 hit(s), 0 error(s), 0 left on base; Kansas 0 - Texas Christian 0 |
BOTTOM OF THE 1ST |
Texas Christian Horned Frogs batting - Pitching for Kansas Jayhawks : LHP Dan O'Brien
|
Pitching: LHP Dan O'Brien
|
|
Batting: RHB Dave Anderson
|
0-0: Called Strike 0-1: Ball 1-1: Bunt for hit - play at first, batter OUT! 1-3
|
Batting: RHB Anthony Walsh
|
0-0: Ball 1-0: Called Strike 1-1: Ball 2-1: Called Strike 2-2: Ball 3-2: SOLO HOME RUN (Flyball, 7D), Distance : 413 ft
|
Batting: LHB Miguel Martínez
|
0-0: Ball 1-0: Fly out, F5 (Line Drive, 5S)
|
Batting: RHB Greg Carpenter
|
0-0: Fly out, F4 (Line Drive, 4)
|
Bottom of the 1st over - 1 run(s), 1 hit(s), 0 error(s), 0 left on base; Kansas 0 - Texas Christian 1 |
TOP OF THE 2ND |
Kansas Jayhawks batting - Pitching for Texas Christian Horned Frogs : RHP Jesús Moreno
|
Batting: LHB Greg Nelson
|
0-0: Called Strike 0-1: Called Strike 0-2: Foul Ball, location: 2F 0-2: Ball 1-2: Fly out, F6 (Popup, 6M)
|
Batting: LHB Robert Moore
|
0-0: Ball 1-0: Swinging Strike 1-1: Foul Ball, location: 2F 1-2: Ball 2-2: Ground out 4-3 (Groundball, 4M)
|
Batting: RHB Ken Longoria
|
0-0: Called Strike 0-1: Swinging Strike 0-2: Foul Ball, location: 2F 0-2: Ball 1-2: Strikes out looking
|
Top of the 2nd over - 0 run(s), 0 hit(s), 0 error(s), 0 left on base; Kansas 0 - Texas Christian 1 |
BOTTOM OF THE 2ND |
Texas Christian Horned Frogs batting - Pitching for Kansas Jayhawks : LHP Dan O'Brien
|
Batting: RHB Brett Murphy
|
0-0: Called Strike 0-1: Ground out 5-3 (Groundball, 56)
|
Batting: LHB Brenton Carter
|
0-0: Ball 1-0: Ball 2-0: Called Strike 2-1: Fly out, F8 (Line Drive, 8RM)
|
Batting: LHB Garrett Cabrera
|
0-0: Swinging Strike 0-1: Swinging Strike 0-2: Strikes out looking
|
Bottom of the 2nd over - 0 run(s), 0 hit(s), 0 error(s), 0 left on base; Kansas 0 - Texas Christian 1 |
TOP OF THE 3RD |
Kansas Jayhawks batting - Pitching for Texas Christian Horned Frogs : RHP Jesús Moreno
|
Batting: RHB David Milligan
|
0-0: Ball 1-0: Called Strike 1-1: Ball 2-1: Foul Ball, location: 2F 2-2: Fly out, F8 (Flyball, 8RM)
|
Batting: LHB John Christopher
|
0-0: Ball 1-0: Foul Ball, location: 2F 1-1: Fly out, F6 (Popup, 56D)
|
Batting: LHB Milo Powers
|
0-0: Fly out, F8 (Flyball, 8RS)
|
Top of the 3rd over - 0 run(s), 0 hit(s), 0 error(s), 0 left on base; Kansas 0 - Texas Christian 1 |
BOTTOM OF THE 3RD |
Texas Christian Horned Frogs batting - Pitching for Kansas Jayhawks : LHP Dan O'Brien
|
Batting: RHB Cristo Souza
|
0-0: Ball 1-0: Ball 2-0: Ground out 5-3 (Groundball, 56)
|
Batting: LHB Dave Green
|
0-0: Called Strike 0-1: Swinging Strike 0-2: Ball 1-2: Foul Ball, location: 2F 1-2: SINGLE (Flyball, 8RS)
|
Batting: RHB Dave Anderson
|
0-0: Called Strike 0-1: Fielders Choice at 2nd, 6-4 (Groundball, 6)
|
Batting: RHB Anthony Walsh
|
0-0: Ball 1-0: Ball 2-0: Ground out 3-1 (Groundball, 34)
|
Bottom of the 3rd over - 0 run(s), 1 hit(s), 0 error(s), 1 left on base; Kansas 0 - Texas Christian 1 |
TOP OF THE 4TH |
Kansas Jayhawks batting - Pitching for Texas Christian Horned Frogs : RHP Jesús Moreno
|
Batting: SHB Rudy Ryan
|
0-0: Called Strike 0-1: Ball 1-1: SINGLE (Line Drive, 78S)
|
Batting: RHB Domingo Hernández
|
0-0: Ball 1-0: Called Strike 1-1: Ball 2-1: Fly out, F8 (Flyball, 78M)
|
Batting: LHB Juan Mendoza
|
0-0: Ball 1-0: Called Strike Rudy Ryan is caught stealing 2nd base 1-1: Ball 2-1: Fly out, F6 (Popup, 6)
|
Top of the 4th over - 0 run(s), 1 hit(s), 0 error(s), 0 left on base; Kansas 0 - Texas Christian 1 |
BOTTOM OF THE 4TH |
Texas Christian Horned Frogs batting - Pitching for Kansas Jayhawks : LHP Dan O'Brien
|
Batting: LHB Miguel Martínez
|
0-0: Ground out 4-3 (Groundball, 4M)
|
Batting: RHB Greg Carpenter
|
0-0: Called Strike 0-1: Swinging Strike 0-2: Strikes out swinging
|
Batting: RHB Brett Murphy
|
0-0: Swinging Strike 0-1: Swinging Strike 0-2: Strikes out swinging
|
Bottom of the 4th over - 0 run(s), 0 hit(s), 0 error(s), 0 left on base; Kansas 0 - Texas Christian 1 |
TOP OF THE 5TH |
Kansas Jayhawks batting - Pitching for Texas Christian Horned Frogs : RHP Jesús Moreno
|
Batting: LHB Greg Nelson
|
0-0: Ball 1-0: Called Strike 1-1: Ground out 4-3 (Groundball, 4)
|
Batting: LHB Robert Moore
|
0-0: Ball 1-0: Swinging Strike 1-1: Ground out 4-3 (Groundball, 4M)
|
Batting: RHB Ken Longoria
|
0-0: Ball 1-0: Ball 2-0: Ball 3-0: Base on Balls
|
Batting: RHB David Milligan
|
0-0: Ball 1-0: Fielders Choice at 2nd, U6 (Groundball, 6M)
|
Top of the 5th over - 0 run(s), 0 hit(s), 0 error(s), 1 left on base; Kansas 0 - Texas Christian 1 |
BOTTOM OF THE 5TH |
Texas Christian Horned Frogs batting - Pitching for Kansas Jayhawks : LHP Dan O'Brien
|
Batting: LHB Brenton Carter
|
0-0: Ball 1-0: Foul Ball, location: 2F 1-1: Ball 2-1: Ball 3-1: Base on Balls
|
Batting: LHB Garrett Cabrera
|
0-0: Called Strike 0-1: Ball 1-1: Called Strike 1-2: Ball 2-2: Foul Ball, location: 2F 2-2: SINGLE (Flyball, 7S) Brenton Carter to second
|
Batting: RHB Cristo Souza
|
0-0: Called Strike 0-1: Foul Ball, location: 2F 0-2: Ball 1-2: Strikes out swinging
|
Batting: LHB Dave Green
|
0-0: Ball 1-0: Foul Ball, location: 2F 1-1: Ball 2-1: Foul Ball, location: 2F 2-2: Foul Ball, location: 2F 2-2: Ball 3-2: Foul Ball, location: 2F 3-2: Base on Balls Brenton Carter to third Garrett Cabrera to second
|
Batting: RHB Dave Anderson
|
0-0: Ball 1-0: DOUBLE (Line Drive, 9LM) Brenton Carter scores Garrett Cabrera scores Dave Green to third
|
Batting: RHB Anthony Walsh
|
0-0: Called Strike 0-1: Ball 1-1: Fly out, F7 (Flyball, 78M) Runner from 3rd tags up, SCORES, no throw
|
Batting: LHB Miguel Martínez
|
0-0: Ball 1-0: Called Strike 1-1: Called Strike 1-2: Ball 2-2: Strikes out swinging
|
Bottom of the 5th over - 3 run(s), 2 hit(s), 0 error(s), 1 left on base; Kansas 0 - Texas Christian 4 |
TOP OF THE 6TH |
Kansas Jayhawks batting - Pitching for Texas Christian Horned Frogs : RHP Jesús Moreno
|
Batting: LHB John Christopher
|
0-0: Foul Ball, location: 2F 0-1: Ball 1-1: Ball 2-1: Ball 3-1: Called Strike 3-2: Base on Balls
|
Batting: LHB Milo Powers
|
0-0: Grounds into double play, 4-6-3 (Groundball, 34)
|
Batting: SHB Rudy Ryan
|
0-0: Swinging Strike 0-1: Fly out, F6 (Popup, 6D)
|
Top of the 6th over - 0 run(s), 0 hit(s), 0 error(s), 0 left on base; Kansas 0 - Texas Christian 4 |
BOTTOM OF THE 6TH |
Texas Christian Horned Frogs batting - Pitching for Kansas Jayhawks : LHP Dan O'Brien
|
Batting: RHB Greg Carpenter
|
0-0: Called Strike 0-1: Swinging Strike 0-2: Foul Ball, location: 2F 0-2: Ball 1-2: SOLO HOME RUN (Flyball, 7D), Distance : 405 ft
|
Pitching: RHP Arturo Rodríguez
|
|
Batting: RHB Brett Murphy
|
0-0: Reached on error, E6 (Groundball, 6M)
|
Batting: LHB Brenton Carter
|
0-0: Foul Ball, location: 2F 0-1: Ball 1-1: Called Strike 1-2: Ball 2-2: Foul Ball, location: 2F 2-2: Strikes out swinging
|
Batting: LHB Garrett Cabrera
|
0-0: Foul Ball, location: 2F 0-1: Ball 1-1: Ball 2-1: Called Strike 2-2: Foul Ball, location: 2F 2-2: Strikes out swinging
|
Batting: RHB Cristo Souza
|
0-0: Ball 1-0: Ball 2-0: Foul Ball, location: 2F 2-1: Fly out, F8 (Flyball, 89M)
|
Bottom of the 6th over - 1 run(s), 1 hit(s), 1 error(s), 1 left on base; Kansas 0 - Texas Christian 5 |
TOP OF THE 7TH |
Kansas Jayhawks batting - Pitching for Texas Christian Horned Frogs : RHP Jesús Moreno
|
Batting: RHB Domingo Hernández
|
0-0: Called Strike 0-1: Called Strike 0-2: Foul Ball, location: 2F 0-2: Ball 1-2: Fly out, F9 (Flyball, 89M)
|
Batting: LHB Juan Mendoza
|
0-0: Foul Ball, location: 2F 0-1: Fly out, F4 (Popup, 4)
|
Batting: LHB Greg Nelson
|
0-0: Ball 1-0: SINGLE (Groundball, 56D)
|
Batting: LHB Robert Moore
|
0-0: Ball 1-0: Called Strike 1-1: Ball 2-1: Ball 3-1: Called Strike 3-2: Base on Balls Greg Nelson to second
|
Batting: RHB Ken Longoria
|
0-0: Ball 1-0: Called Strike 1-1: Foul Ball, location: 2F 1-2: Foul Ball, location: 2F 1-2: Strikes out swinging
|
Top of the 7th over - 0 run(s), 1 hit(s), 0 error(s), 2 left on base; Kansas 0 - Texas Christian 5 |
BOTTOM OF THE 7TH |
Texas Christian Horned Frogs batting - Pitching for Kansas Jayhawks : RHP Arturo Rodríguez
|
Batting: LHB Dave Green
|
0-0: Ball 1-0: Ball 2-0: Ball 3-0: Base on Balls
|
Batting: RHB Dave Anderson
|
0-0: Bunt missed! 0-1: Sac Bunt - play at first, batter safe! Dave Green to second
|
Batting: RHB Anthony Walsh
|
0-0: DOUBLE (Line Drive, 78M) Dave Green scores Dave Anderson to third
|
Batting: LHB Miguel Martínez
|
0-0: Ball 1-0: Called Strike 1-1: Swinging Strike 1-2: Ball 2-2: Ground out 4-3 (Groundball, 34) Dave Anderson scores Anthony Walsh to third
|
Batting: RHB Greg Carpenter
|
0-0: Foul Ball, location: 2F 0-1: Foul Ball, location: 2F 0-2: Strikes out looking
|
Batting: RHB Brett Murphy
|
0-0: Ball 1-0: Foul Ball, location: 2F 1-1: Called Strike 1-2: Foul Ball, location: 2F 1-2: Foul Ball, location: 2F 1-2: Foul Ball, location: 2F 1-2: SINGLE (Flyball, 7LS) Anthony Walsh scores
|
Pitching: RHP Bruce Whitney
|
|
Batting: LHB Brenton Carter
|
0-0: Called Strike 0-1: Ball 1-1: Foul Ball, location: 2F 1-2: Ball 2-2: Ground out 1-3 (Groundball, 13S)
|
Bottom of the 7th over - 3 run(s), 3 hit(s), 0 error(s), 1 left on base; Kansas 0 - Texas Christian 8 |
TOP OF THE 8TH |
Kansas Jayhawks batting - Pitching for Texas Christian Horned Frogs : RHP Jesús Moreno
|
Pitching: RHP Tony Collins
|
|
Batting: RHB David Milligan
|
0-0: Called Strike 0-1: Swinging Strike 0-2: Ball 1-2: Ball 2-2: Ball 3-2: Foul Ball, location: 2F 3-2: Strikes out looking
|
Batting: LHB John Christopher
|
0-0: Called Strike 0-1: Foul Ball, location: 2F 0-2: Strikes out swinging
|
Batting: LHB Milo Powers
|
0-0: Ball 1-0: Foul Ball, location: 2F 1-1: Ball 2-1: Foul Ball, location: 2F 2-2: Ground out U3 (Groundball, 3)
|
Top of the 8th over - 0 run(s), 0 hit(s), 0 error(s), 0 left on base; Kansas 0 - Texas Christian 8 |
BOTTOM OF THE 8TH |
Texas Christian Horned Frogs batting - Pitching for Kansas Jayhawks : RHP Bruce Whitney
|
Batting: LHB Garrett Cabrera
|
0-0: Ball 1-0: Called Strike 1-1: SOLO HOME RUN (Flyball, 9LD), Distance : 358 ft
|
Batting: RHB Cristo Souza
|
0-0: Ball 1-0: Ball 2-0: Ball 3-0: Base on Balls
|
Batting: LHB Dave Green
|
0-0: Sac Bunt - play at first, batter OUT! 3-4 Cristo Souza to second
|
Batting: RHB Dave Anderson
|
0-0: Ground out 5-3 (Groundball, 5)
|
Batting: RHB Anthony Walsh
|
0-0: Ball 1-0: Called Strike 1-1: Ground out 1-3 (Groundball, 15S)
|
Bottom of the 8th over - 1 run(s), 1 hit(s), 0 error(s), 1 left on base; Kansas 0 - Texas Christian 9 |
TOP OF THE 9TH |
Kansas Jayhawks batting - Pitching for Texas Christian Horned Frogs : RHP Tony Collins
|
Batting: SHB Rudy Ryan
|
0-0: Ground out 4-3 (Groundball, 34)
|
Batting: RHB Domingo Hernández
|
0-0: Called Strike 0-1: SINGLE (Line Drive, 7LS)
|
Batting: LHB Juan Mendoza
|
0-0: Called Strike 0-1: Ball 1-1: Ball 2-1: Foul Ball, location: 2F 2-2: Foul Ball, location: 2F 2-2: SINGLE (Line Drive, 3) Domingo Hernández to second Runner from 2nd tries for 3rd, SAFE, throw made to third
|
Batting: LHB Greg Nelson
|
0-0: Foul Ball, location: 2F 0-1: Foul Ball, location: 2F 0-2: Ball 1-2: Strikes out swinging
|
Batting: LHB Robert Moore
|
0-0: Called Strike 0-1: Called Strike 0-2: Ball 1-2: Ball 2-2: Ball 3-2: Base on Balls Juan Mendoza to second
|
Batting: RHB Ken Longoria
|
0-0: Ball 1-0: Called Strike 1-1: Swinging Strike 1-2: Strikes out swinging
|
Top of the 9th over - 0 run(s), 2 hit(s), 0 error(s), 3 left on base; Kansas 0 - Texas Christian 9 |
|